HBL
IDAHO FALLS CHUKARS @ SPOKANE RIVER RATS
05/19/1997
 
TOP OF THE 1ST
Idaho Falls Chukars batting - Pitching for Spokane River Rats : RHP Rick Helling
Pitching: RHP Rick Helling
Batting: LHB Wayne Kirby 0-0: Ball
1-0: Ball
2-0: Called Strike
2-1: Ground out U3 (Groundball, 34, EV 107.5 MPH)
Batting: LHB Dwight Smith 0-0: Swinging Strike
0-1: Foul Ball, location: 2F
0-2: Ball
1-2: Foul Ball, location: 2F
1-2: Strikes out swinging
Batting: LHB Tyler Houston 0-0: Fly out, F8 (Flyball, 8RM, EV 88.8 MPH)
Top of the 1st over - 0 runs, 0 hits, 0 errors, 0 left on base; Idaho Falls 0 - Spokane 0
BOTTOM OF THE 1ST
Spokane River Rats batting - Pitching for Idaho Falls Chukars : RHP Phil Leftwich
Pitching: RHP Phil Leftwich
Batting: LHB Andy Fox 0-0: Called Strike
0-1: Fly out, F8 (Flyball, 78XD, EV 99.4 MPH)
Batting: SHB Chris Latham 0-0: Ball
1-0: Foul Ball, location: 2F
1-1: Called Strike
1-2: Ball
2-2: SINGLE (Flyball, 7LS, EV 86.9 MPH)
Batting: LHB Michael Tucker 0-0: Ball
1-0: Ball
2-0: Foul Ball, location: 2F
2-1: SINGLE (Groundball, 34D, EV 95.6 MPH)
Chris Latham to second
Runner from 2nd tries for 3rd, SAFE, no throw by RF
Batting: SHB Gene Kingsale 0-0: Called Strike
0-1: Foul Ball, location: 2F
0-2: Ball
1-2: Fly out, F4 (Line Drive, 4, EV 71.3 MPH)
Batting: RHB Tony Rodriguez 0-0: Ball
1-0: Fly out, F9 (Flyball, 9S, EV 91.9 MPH)
Bottom of the 1st over - 0 runs, 2 hits, 0 errors, 2 left on base; Idaho Falls 0 - Spokane 0
TOP OF THE 2ND
Idaho Falls Chukars batting - Pitching for Spokane River Rats : RHP Rick Helling
Batting: LHB Rico Brogna 0-0: Ball
1-0: Ball
2-0: Called Strike
2-1: Ball
3-1: Reached on error, E4 (Groundball, 34D, EV 91.3 MPH)
Batting: RHB Mark Lewis 0-0: Called Strike
0-1: Ball
1-1: Ball
2-1: Called Strike
2-2: Strikes out looking
Batting: SHB Marcus Jensen 0-0: Ball
1-0: Ball
2-0: Called Strike
2-1: Foul Ball, location: 2F
2-2: Ball
3-2: Foul Ball, location: 2F
3-2: Base on Balls
Rico Brogna to second
Batting: LHB Darren Daulton 0-0: Ball
1-0: SINGLE (Groundball, 4MD, EV 94.4 MPH)
Rico Brogna to third
Marcus Jensen to second
Runner from 3rd tries for Home, SAFE, throw by CF to home
Batting: RHB Les Norman 0-0: Ball
1-0: Ball
2-0: Called Strike
2-1: Ball
3-1: Called Strike
3-2: Foul Ball, location: 2F
3-2: Strikes out looking
Batting: RHB Dave Hajek 0-0: Ball
1-0: Called Strike
1-1: SINGLE (Flyball, 7S, EV 85.0 MPH)
Marcus Jensen to third
Darren Daulton to second
Runner from 3rd tries for Home, SAFE, throw by LF to home
Batting: LHB Wayne Kirby 0-0: Ball
1-0: Ball
2-0: Ground out 4-3 (Groundball, 4, EV 101.9 MPH)
Top of the 2nd over - 2 runs, 2 hits, 1 error, 2 left on base; Idaho Falls 2 - Spokane 0
BOTTOM OF THE 2ND
Spokane River Rats batting - Pitching for Idaho Falls Chukars : RHP Phil Leftwich
Batting: SHB Luis M. Lopez 0-0: Ball
1-0: Fly out, F9 (Line Drive, 9, EV 106.9 MPH)
Batting: RHB Mark Dalesandro 0-0: Foul Ball, location: 2F
0-1: Foul Ball, location: 2F
0-2: Strikes out swinging
Batting: SHB Doug Brady 0-0: Called Strike
0-1: Ground out 5-3 (Groundball, 56S, EV 70.6 MPH)
Bottom of the 2nd over - 0 runs, 0 hits, 0 errors, 0 left on base; Idaho Falls 2 - Spokane 0
TOP OF THE 3RD
Idaho Falls Chukars batting - Pitching for Spokane River Rats : RHP Rick Helling
Batting: LHB Dwight Smith 0-0: Swinging Strike
0-1: SINGLE (Groundball, 34D, EV 101.3 MPH)
Batting: LHB Tyler Houston 0-0: Ball
1-0: Foul Ball, location: 2F
1-1: Ball
2-1: Ground out 6-3 (Groundball, 6S, EV 65.6 MPH)
Dwight Smith to second
Batting: LHB Rico Brogna 0-0: Called Strike
0-1: Ball
1-1: Ball
2-1: Ball
3-1: SINGLE (Line Drive, 6MD, EV 103.8 MPH)
Dwight Smith to third
Runner from 3rd tries for Home, SAFE, throw by CF to home
Rico Brogna to second
Batting: RHB Mark Lewis 0-0: Ball
1-0: Ball
2-0: Ball
3-0: Called Strike
3-1: Swinging Strike
3-2: Fly out, F7 (Line Drive, 7, EV 93.1 MPH)
Batting: SHB Marcus Jensen 0-0: Foul Ball, location: 2F
0-1: Ground out 6-3 (Groundball, 56D, EV 103.1 MPH)
Top of the 3rd over - 1 run, 2 hits, 0 errors, 1 left on base; Idaho Falls 3 - Spokane 0
BOTTOM OF THE 3RD
Spokane River Rats batting - Pitching for Idaho Falls Chukars : RHP Phil Leftwich
Batting: RHB Jose Lind 0-0: SINGLE (Groundball, 56D, EV 96.9 MPH)
Batting: LHB Andy Fox 0-0: Swinging Strike
0-1: SINGLE (Groundball, 34, EV 107.5 MPH) (infield hit)
Jose Lind to second
Batting: SHB Chris Latham 0-0: Ball
1-0: Called Strike
1-1: Called Strike
1-2: Strikes out swinging
Batting: LHB Michael Tucker 0-0: Called Strike
0-1: Swinging Strike
0-2: Ball
1-2: Grounds into double play, 5-4-3 (Groundball, 5, EV 86.3 MPH)
Bottom of the 3rd over - 0 runs, 2 hits, 0 errors, 1 left on base; Idaho Falls 3 - Spokane 0
TOP OF THE 4TH
Idaho Falls Chukars batting - Pitching for Spokane River Rats : RHP Rick Helling
Batting: LHB Darren Daulton 0-0: Ball
1-0: Foul Ball, location: 2F
1-1: Ball
2-1: Called Strike
2-2: Strikes out looking
Batting: RHB Les Norman 0-0: Ball
1-0: Swinging Strike
1-1: Foul Ball, location: 2F
1-2: Ball
2-2: Fly out, F9 (Flyball, 9D, EV 100.0 MPH)
Batting: RHB Dave Hajek 0-0: Ball
1-0: Ball
2-0: Foul Ball, location: 2F
2-1: Ball
3-1: Swinging Strike
3-2: SINGLE (Groundball, 6MD, EV 108.8 MPH)
Batting: LHB Wayne Kirby 0-0: Ball
1-0: Called Strike
1-1: Called Strike
1-2: Fly out, F7 (Line Drive, 7, EV 88.1 MPH)
Top of the 4th over - 0 runs, 1 hit, 0 errors, 1 left on base; Idaho Falls 3 - Spokane 0
BOTTOM OF THE 4TH
Spokane River Rats batting - Pitching for Idaho Falls Chukars : RHP Phil Leftwich
Batting: SHB Gene Kingsale 0-0: Foul Ball, location: 2F
0-1: Ball
1-1: Ball
2-1: Ball
3-1: Fly out, F7 (Line Drive, 7D, EV 92.5 MPH)
Batting: RHB Tony Rodriguez 0-0: Ball
1-0: Foul Ball, location: 2F
1-1: Ball
2-1: Foul Ball, location: 2F
2-2: Foul Ball, location: 2F
2-2: Strikes out swinging
Batting: SHB Luis M. Lopez 0-0: Foul Ball, location: 2F
0-1: Ball
1-1: Ball
2-1: Foul Ball, location: 2F
2-2: Strikes out swinging
Bottom of the 4th over - 0 runs, 0 hits, 0 errors, 0 left on base; Idaho Falls 3 - Spokane 0
TOP OF THE 5TH
Idaho Falls Chukars batting - Pitching for Spokane River Rats : RHP Rick Helling
Pitching: RHP Doug Brocail
Batting: LHB Dwight Smith 0-0: Called Strike
0-1: Ball
1-1: Foul Ball, location: 2F
1-2: Foul Ball, location: 2F
1-2: Strikes out swinging
Batting: LHB Tyler Houston 0-0: Ground out 4-3 (Groundball, 34, EV 98.1 MPH)
Batting: LHB Rico Brogna 0-0: Fly out, F8 (Flyball, 8RS, EV 84.4 MPH)
Top of the 5th over - 0 runs, 0 hits, 0 errors, 0 left on base; Idaho Falls 3 - Spokane 0
BOTTOM OF THE 5TH
Spokane River Rats batting - Pitching for Idaho Falls Chukars : RHP Phil Leftwich
Batting: RHB Mark Dalesandro 0-0: Called Strike
0-1: Foul Ball, location: 2F
0-2: Ground out 5-3 (Groundball, 56, EV 84.4 MPH)
Batting: SHB Doug Brady 0-0: Ball
1-0: Swinging Strike
1-1: Ball
2-1: Ball
3-1: Base on Balls
Batting: RHB Jose Lind 0-0: Called Strike
0-1: SINGLE (Line Drive, 6MD, EV 105.6 MPH)
Doug Brady to second
Batting: LHB Andy Fox 0-0: Called Strike
0-1: Foul Ball, location: 2F
0-2: Grounds into double play, 4-6-3 (Groundball, 4, EV 107.5 MPH)
Bottom of the 5th over - 0 runs, 1 hit, 0 errors, 1 left on base; Idaho Falls 3 - Spokane 0
TOP OF THE 6TH
Idaho Falls Chukars batting - Pitching for Spokane River Rats : RHP Doug Brocail
Batting: RHB Mark Lewis 0-0: Called Strike
0-1: Swinging Strike
0-2: Strikes out looking
Batting: SHB Marcus Jensen 0-0: Foul Ball, location: 2F
0-1: Foul Ball, location: 2F
0-2: Fly out, F9 (Flyball, 9, EV 88.1 MPH)
Batting: LHB Darren Daulton 0-0: Ball
1-0: Ball
2-0: Ball
3-0: Base on Balls
Batting: RHB Les Norman 0-0: Ball
1-0: Ball
2-0: Called Strike
2-1: Ball
3-1: Base on Balls
Darren Daulton to second
Batting: RHB Dave Hajek 0-0: Foul Ball, location: 2F
0-1: Ball
1-1: Foul Ball, location: 2F
1-2: Foul Ball, location: 2F
1-2: Foul Ball, location: 2F
1-2: SINGLE (Line Drive, 9S, EV 111.3 MPH)
Darren Daulton to third
Les Norman to second
Batting: LHB Wayne Kirby 0-0: Foul Ball, location: 2F
0-1: Ball
1-1: Swinging Strike
1-2: Foul Ball, location: 2F
1-2: Ball
2-2: Fly out, F9 (Flyball, 9LD, EV 108.8 MPH)
Top of the 6th over - 0 runs, 1 hit, 0 errors, 3 left on base; Idaho Falls 3 - Spokane 0
BOTTOM OF THE 6TH
Spokane River Rats batting - Pitching for Idaho Falls Chukars : RHP Phil Leftwich
Batting: SHB Chris Latham 0-0: Ball
1-0: Ball
2-0: Ball
3-0: Called Strike
3-1: Foul Ball, location: 2F
3-2: Base on Balls
Batting: LHB Michael Tucker 0-0: Fielders Choice at 2nd, 4-6 (Groundball, 34, EV 87.5 MPH)
Batting: SHB Gene Kingsale 0-0: Ball
1-0: Called Strike
1-1: Fielders Choice at 2nd, 6-4 (Groundball, 56, EV 98.8 MPH)
Batting: RHB Tony Rodriguez 0-0: Ball
1-0: Fielders Choice at 2nd, U4 (Groundball, 4M, EV 103.1 MPH)
Bottom of the 6th over - 0 runs, 0 hits, 0 errors, 1 left on base; Idaho Falls 3 - Spokane 0
TOP OF THE 7TH
Idaho Falls Chukars batting - Pitching for Spokane River Rats : RHP Doug Brocail
Batting: LHB Dwight Smith 0-0: Swinging Strike
0-1: Foul Ball, location: 2F
0-2: Ball
1-2: Ball
2-2: Ball
3-2: Foul Ball, location: 2F
3-2: SINGLE (Flyball, 78M, EV 86.3 MPH)
Pitching: RHP Anthony Chavez
Batting: LHB Tyler Houston 0-0: Ball
1-0: Ball
2-0: Ball
3-0: Called Strike
3-1: Foul Ball, location: 2F
3-2: Grounds into double play, 1-4-3 (Groundball, 15S, EV 71.9 MPH)
Batting: LHB Rico Brogna 0-0: Called Strike
0-1: Called Strike
0-2: Strikes out swinging
Top of the 7th over - 0 runs, 1 hit, 0 errors, 0 left on base; Idaho Falls 3 - Spokane 0
BOTTOM OF THE 7TH
Spokane River Rats batting - Pitching for Idaho Falls Chukars : RHP Phil Leftwich
Batting: SHB Luis M. Lopez 0-0: Called Strike
0-1: Ball
1-1: SINGLE (Groundball, 6D, EV 103.1 MPH)
Batting: RHB Mark Dalesandro 0-0: Ball
1-0: Fielders Choice at 2nd, 4-6 (Groundball, 4, EV 85.6 MPH)
Batting: SHB Doug Brady 0-0: Called Strike
0-1: Ball
1-1: Ball
2-1: Fly out, F8 (Flyball, 8LM, EV 85.6 MPH)
Batting: RHB Jose Lind 0-0: Swinging Strike
0-1: Called Strike
0-2: Ball
1-2: Strikes out swinging
Bottom of the 7th over - 0 runs, 1 hit, 0 errors, 1 left on base; Idaho Falls 3 - Spokane 0
TOP OF THE 8TH
Idaho Falls Chukars batting - Pitching for Spokane River Rats : RHP Anthony Chavez
Batting: RHB Mark Lewis 0-0: Ball
1-0: SINGLE (Groundball, 56D, EV 98.1 MPH)
Batting: SHB Marcus Jensen 0-0: Ball
1-0: Ball
2-0: Ball
3-0: Base on Balls
Mark Lewis to second
Batting: LHB Darren Daulton 0-0: Ball
1-0: Ball
Passed Ball!
Mark Lewis to third
Marcus Jensen to second
2-0: Ball
3-0: Base on Balls
Batting: RHB Les Norman 0-0: Called Strike
0-1: Ball
1-1: SINGLE (Groundball, 4, EV 80.6 MPH) (infield hit)
Mark Lewis scores
Marcus Jensen to third
Darren Daulton to second
Batting: RHB Dave Hajek 0-0: Swinging Strike
0-1: Ball
1-1: Foul Ball, location: 2F
1-2: Strikes out looking
Pitching: RHP Don August
Batting: LHB Wayne Kirby 0-0: Called Strike
0-1: Ball
1-1: Foul Ball, location: 2F
1-2: Foul Ball, location: 2F
1-2: Strikes out swinging
Batting: LHB Dwight Smith 0-0: Called Strike
0-1: Swinging Strike
0-2: Foul Ball, location: 2F
0-2: Ball
1-2: Foul Ball, location: 2F
1-2: GRAND SLAM HOME RUN (Flyball, 9D, EV 91.9 MPH), Distance : 351 ft
Batting: LHB Tyler Houston 0-0: SINGLE (Groundball, 4MD, EV 101.9 MPH)
Batting: LHB Rico Brogna 0-0: Ball
1-0: Ball
2-0: Fly out, F8 (Line Drive, 8RM, EV 110.0 MPH)
Top of the 8th over - 5 runs, 4 hits, 0 errors, 1 left on base; Idaho Falls 8 - Spokane 0
BOTTOM OF THE 8TH
Spokane River Rats batting - Pitching for Idaho Falls Chukars : RHP Phil Leftwich
Batting: LHB Andy Fox 0-0: Called Strike
0-1: TRIPLE (Flyball, 78XD, EV 93.1 MPH)
Batting: SHB Chris Latham 0-0: Ball
1-0: Called Strike
1-1: Ball
2-1: Foul Ball, location: 2F
2-2: Fly out, F7 (Flyball, 78S, EV 86.3 MPH)
Pitching: RHP Bill Sampen
Batting: LHB Michael Tucker 0-0: Swinging Strike
0-1: Swinging Strike
0-2: Foul Ball, location: 2F
0-2: Ball
1-2: Strikes out swinging
Batting: SHB Gene Kingsale 0-0: Fly out, F7 (Flyball, 7S, EV 90.6 MPH)
Bottom of the 8th over - 0 runs, 1 hit, 0 errors, 1 left on base; Idaho Falls 8 - Spokane 0
TOP OF THE 9TH
Idaho Falls Chukars batting - Pitching for Spokane River Rats : RHP Don August
Batting: RHB Mark Lewis 0-0: Ball
1-0: Foul Ball, location: 2F
1-1: Called Strike
1-2: Fly out, F7 (Flyball, 78D, EV 99.4 MPH)
Batting: SHB Marcus Jensen 0-0: Called Strike
0-1: SINGLE (Groundball, 34D, EV 95.0 MPH)
Batting: LHB Darren Daulton 0-0: Ball
1-0: Foul Ball, location: 2F
1-1: Foul Ball, location: 2F
1-2: SINGLE (Groundball, 6D, EV 98.8 MPH)
Marcus Jensen to second
Batting: RHB Les Norman 0-0: Ball
1-0: Swinging Strike
1-1: Fly out, F9 (Flyball, 9S, EV 90.6 MPH)
Batting: RHB Dave Hajek 0-0: Called Strike
0-1: Fly out, F8 (Flyball, 8RM, EV 85.6 MPH)
Top of the 9th over - 0 runs, 2 hits, 0 errors, 2 left on base; Idaho Falls 8 - Spokane 0
BOTTOM OF THE 9TH
Spokane River Rats batting - Pitching for Idaho Falls Chukars : RHP Bill Sampen
Batting: RHB Tony Rodriguez 0-0: Ball
1-0: Called Strike
1-1: SINGLE (Groundball, 6, EV 86.3 MPH) (infield hit)
Batting: SHB Luis M. Lopez 0-0: 2-RUN HOME RUN (Flyball, 89XD, EV 98.1 MPH), Distance : 397 ft
Batting: RHB Mark Dalesandro 0-0: Ball
1-0: Ball
2-0: Ball
3-0: Called Strike
3-1: Foul Ball, location: 2F
3-2: Foul Ball, location: 2F
3-2: Strikes out swinging
Pitching: RHP Ralph Citarella
Batting: SHB Doug Brady 0-0: Called Strike
0-1: Ball
1-1: Foul Ball, location: 2F
1-2: SINGLE (Line Drive, 56D, EV 101.3 MPH)
Batting: RHB Jose Lind 0-0: SINGLE (Groundball, 56D, EV 95.0 MPH)
Doug Brady to second
Batting: LHB Andy Fox 0-0: Ball
1-0: Ball
2-0: Called Strike
2-1: Ball
3-1: Base on Balls
Doug Brady to third
Jose Lind to second
Batting: SHB Chris Latham 0-0: Ball
1-0: Foul Ball, location: 2F
1-1: Ball
2-1: Foul Ball, location: 2F
2-2: Foul Ball, location: 2F
2-2: Foul Ball, location: 2F
2-2: Foul Ball, location: 2F
2-2: Ball
3-2: Base on Balls
Doug Brady scores
Jose Lind to third
Andy Fox to second
Batting: LHB Michael Tucker 0-0: Ball
1-0: Ball
2-0: Foul Ball, location: 2F
2-1: Foul Ball, location: 2F
2-2: SINGLE (Groundball, 6, EV 107.5 MPH) (infield hit)
Jose Lind scores
Andy Fox to third
Chris Latham to second
Batting: SHB Gene Kingsale 0-0: Foul Ball, location: 2F
0-1: Foul Ball, location: 2F
0-2: Hit by Pitch
Andy Fox scores
Chris Latham to third
Michael Tucker to second
Pinch Hitting: LHB John Mabry 0-0: Ball
1-0: SINGLE (Groundball, 4D, EV 99.4 MPH)
Chris Latham scores
Michael Tucker to third
Gene Kingsale to second
Batting: SHB Luis M. Lopez 0-0: Ball
1-0: Ball
2-0: Called Strike
2-1: SINGLE (Groundball, 4MD, EV 95.0 MPH)
Michael Tucker scores
Gene Kingsale to third
John Mabry to second
Runner from 3rd tries for Home, SAFE, no throw by CF
Pinch Hitting: SHB Devon White 0-0: SINGLE (Line Drive, 78S, EV 92.5 MPH)
John Mabry to third
Luis M. Lopez to second
Runner from 3rd tries for Home, throw by LF and OUT! 7-2
Pitching: RHP Jeff Schwarz
Pinch Hitting: RHB Billy Ashley 0-0: Ball
1-0: Ball
2-0: Ball
3-0: Called Strike
3-1: Base on Balls
Luis M. Lopez to third
Devon White to second
Batting: RHB Jose Lind 0-0: Ball
1-0: Swinging Strike
1-1: Ball
2-1: Called Strike
2-2: Ball
3-2: SINGLE (Line Drive, 89S, EV 113.8 MPH)
Luis M. Lopez scores
Wednesday, February 11th, 2026 - OOTP Baseball 20.8 Build 74